 Dungeon Crawl Stone Soup version 0.28.0-43-g3370ac3207 (webtiles) character file.

Game seed: 4554541020305993489

79 Ablot the Grasshopper (level 4, -5/38 HPs)
             Began as a Gnoll Warper on Mar 12, 2022.
             Slain by Prince Ribbit (8 damage)
             ... on level 6 of the Dungeon.
             The game lasted 00:04:26 (2717 turns).

Ablot the Grasshopper (Gnoll Warper)                Turns: 2717, Time: 00:04:27

Health: -5/38      AC:  5    Str: 13    XL:     4   Next: 38%
Magic:  11/11      EV: 12    Int: 12    God:
Gold:   70         SH:  0    Dex: 11    Spells: 11/13 levels left

rFire   . . .      SeeInvis .   a - +0 spear
rCold   . . .      Faith    .   (no shield)
rNeg    . . .      Spirit   .   b - +0 leather armour
rPois   .          Reflect  .   t - +2 hat
rElec   .          Harm     .   (no cloak)
rCorr   .          Rampage  .   (no gloves)
Will    .....                   (no boots)
Stlth   +.........              (no amulet)
HPRegen 0.12/turn               (no ring)
MPRegen 0.12/turn               (no ring)

@: lethally poisoned (-5 -> -15)
A: fangs 1, strong nose, distributed training
a: no special abilities


You were on level 6 of the Dungeon.
You visited 1 branch of the dungeon, and saw 4 of its levels.

You collected 70 gold pieces.

Inventory:

Hand Weapons
 a - a +0 spear (weapon)
 s - a +0 hunting sling
Missiles
 d - 5 boomerangs of dispersal
 e - 211 stones
 j - 10 boomerangs (quivered)
 l - 6 atropa-tipped darts
 m - 15 arrows
 n - 2 poisoned darts
Armour
 b - a +0 leather armour (worn)
 f - an orb of energy
 t - a +2 hat (worn)
Jewellery
 g - an amulet of faith
Scrolls
 c - a scroll of blinking
 h - a scroll of fog {unknown}
 k - a scroll of noise {unknown}
 p - a scroll of enchant weapon {unknown}
 r - a scroll of holy word {unknown}
Potions
 i - a potion of heal wounds {unknown}
 o - a potion of degeneration {unknown}
 q - a potion of ambrosia {unknown}
 u - a potion of might {unknown}


   Skills:
 + Level 4.6 Fighting
 + Level 1.1 Short Blades
 + Level 1.1 Long Blades
 + Level 1.1 Axes
 + Level 1.1 Maces & Flails
 + Level 4.6 Polearms
 + Level 1.1 Staves
 + Level 1.1 Slings
 + Level 1.1 Bows
 + Level 1.1 Crossbows
 + Level 2.7 Throwing
 + Level 2.7 Armour
 + Level 4.6 Dodging
 + Level 1.1 Stealth
 + Level 1.1 Shields
 + Level 1.1 Unarmed Combat
 + Level 5.1 Spellcasting
 + Level 0.9 Conjurations
 + Level 0.9 Hexes
 + Level 0.9 Summonings
 + Level 0.9 Necromancy
 + Level 5.4 Translocations
 + Level 0.9 Transmutations
 + Level 0.9 Fire Magic
 + Level 0.9 Ice Magic
 + Level 0.9 Air Magic
 + Level 0.9 Earth Magic
 + Level 0.9 Poison Magic
 + Level 1.2 Invocations
 + Level 1.1 Evocations


You had 11 spell levels left.
You knew the following spells:

 Your Spells              Type           Power      Damage    Failure   Level
a - Blink                 Tloc           32%        N/A       4%          2

Your spell library contained the following spells:

 Spells                   Type           Power      Damage    Failure   Level
 Gell's Gravitas          Tloc           16%        N/A       8%          3
 Lesser Beckoning         Tloc           16%        N/A       8%          3
 Teleport Other           Tloc           16%        N/A       8%          3
 Beastly Appendage        Tmut           10%        N/A       17%         1
 Sublimation of Blood     Necr           5%         N/A       26%         2
 Wereblood                Tmut           5%         N/A       26%         2
 Spider Form              Tmut/Pois      5%         N/A       45%         3
 Manifold Assault         Tloc           16%        N/A       58%         5
 Summon Hydra             Summ           2%         N/A       100%        7


Dungeon Overview and Level Annotations

Branches:
Dungeon (6/15)
 Temple: D:4-7

Altars:
Sif Muna

Annotations:
D:6 Prince Ribbit


Innate Abilities, Weirdness & Mutations

You have very sharp teeth.
Your uncanny sense of smell can sniff out nearby items.
Your experience applies equally to all skills.


Message History

No target in view!
No target in view!
A sourceless malevolence fills the Dungeon...
You fall into a shaft and drop 3 floors!
The shaft crumbles and collapses.
A scorpion and an ogre come into view.
Found a leather armour.
Found 5 gold pieces.
The scorpion barely misses you. The scorpion barely misses you.
Prince Ribbit comes into view.
The scorpion closely misses you.
Prince Ribbit blinks!
Prince Ribbit hops awkwardly around.
The scorpion misses you. The scorpion stings you.
Prince Ribbit croaks regally.
Prince Ribbit blinks!
The scorpion stings you! Prince Ribbit completely misses you.
Really walk into a travel-excluded area? [Y]es or [N]o only, please.
Really walk into a travel-excluded area?
Okay, then.
The scorpion barely misses you.
Really walk into a travel-excluded area?
The ogre barely misses you. The scorpion stings you.
The scorpion stings you but does no damage.
Prince Ribbit blinks!
Really walk into a travel-excluded area?
The scorpion barely misses you. The ogre closely misses you.
The scorpion stings you but does no damage.
Prince Ribbit hits you. The scorpion stings you!
* * * LOW HITPOINT WARNING * * *
You are lethally poisoned!
The scorpion poisons you!
* * * LOW HITPOINT WARNING * * *
You feel very sick. Prince Ribbit barely misses you. Prince Ribbit hits you!
You die...

..............#
..............##
..............8##
...............$###########
..............8............
..............#####........
..............# #.....[..
...........FO.# #........
...○..°...@s..# #........
......☼...°.○○# ########.
.°....☼.......#
############### ∆ ∆


You could see Prince Ribbit, an ogre and a scorpion.

Vanquished Creatures
  2 adders
  A worm (D:3)
  A dart slug (D:2)
  8 ball pythons
  5 bats
  8 endoplasms
  3 giant cockroaches
  7 goblins
  A hobgoblin (D:1)
  4 quokkas
  11 frilled lizards
  4 kobolds
  3 rats
58 creatures vanquished.

Notes
Turn   | Place    | Note
-------+----------+-------------------------------------------
     0 | D:1      | Ablot the Gnoll Warper began the quest for the Orb.
     0 | D:1      | Reached XP level 1. HP: 20/20 MP: 6/6
   409 | D:1      | Reached XP level 2. HP: 26/26 MP: 7/7
   412 | D:1      | Learned a level 2 spell: Blink
   542 | D:1      | Found a faded altar of an unknown god.
  1127 | D:2      | Reached XP level 3. HP: 31/31 MP: 9/9
  1136 | D:2      | Reached skill level 5 in Spellcasting
  1559 | D:2      | Reached skill level 1 in Invocations
  1644 | D:2      | Found a shimmering blue altar of Sif Muna.
  1654 | D:2      | Reached skill level 1 in Short Blades
  1654 | D:2      | Reached skill level 1 in Long Blades
  1654 | D:2      | Reached skill level 1 in Axes
  1654 | D:2      | Reached skill level 1 in Maces & Flails
  1654 | D:2      | Reached skill level 1 in Staves
  1654 | D:2      | Reached skill level 1 in Slings
  1654 | D:2      | Reached skill level 1 in Bows
  1654 | D:2      | Reached skill level 1 in Crossbows
  1654 | D:2      | Reached skill level 1 in Stealth
  1654 | D:2      | Reached skill level 1 in Shields
  1654 | D:2      | Reached skill level 1 in Unarmed Combat
  1654 | D:2      | Reached skill level 1 in Evocations
  2127 | D:3      | Reached XP level 4. HP: 38/38 MP: 11/11
  2688 | D:3      | You fall into a shaft and drop 3 floors!
  2688 | D:6      | Noticed a scorpion
  2688 | D:6      | Noticed an ogre
  2697 | D:6      | Noticed Prince Ribbit
  2717 | D:6      | Slain by Prince Ribbit

Illustrated notes

Levels and vault maps discovered:
D:1:      minmay_arrival_shattered_statue, layout_basic,
          nicolae_ecumenical_snake_handling
D:2:      layout_rooms, basic_altar, serial_rivers,
          chequers_serial_rivers_marsh, chequers_serial_rivers_marsh,
          chequers_serial_rivers_micro_e, chequers_serial_rivers_room_b,
          chequers_serial_rivers_small_a, serial_park_tiny_2, minmay_lizard_pond
D:3:      layout_loops_ring
D:6:      kennysheep_kobold_camp, layout_rooms, old_standard_altar,
          lemuel_temple_firewalk_b, st_stairs_1, kennysheep_small_square,
          uniq_prince_ribbit1

Skill      XL: |  1  2  3 |
---------------+----------+-----
Spellcasting   | 5 |  5.1
Invocations    | 1 |  1.2
Short Blades   | 1 |  1.1
Long Blades    | 1 |  1.1
Axes           | 1 |  1.1
Maces & Flails | 1 |  1.1
Staves         | 1 |  1.1
Slings         | 1 |  1.1
Bows           | 1 |  1.1
Crossbows      | 1 |  1.1
Stealth        | 1 |  1.1
Shields        | 1 |  1.1
Unarmed Combat | 1 |  1.1
Evocations     | 1 |  1.1
Fighting       | |  4.6
Polearms       | |  4.6
Throwing       | |  2.7
Armour         | |  2.7
Dodging        | |  4.6
Conjurations   | |  0.9
Hexes          | |  0.9
Summonings     | |  0.9
Necromancy     | |  0.9
Translocations | |  5.4
Transmutations | |  0.9
Fire Magic     | |  0.9
Ice Magic      | |  0.9
Air Magic      | |  0.9
Earth Magic    | |  0.9
Poison Magic   | |  0.9

Action                   |  1- 3 |  4- 6 || total
-------------------------+-------+-------++-------
Melee: Spear             |   144 |    56 ||   200
       Bite              |    14 |     7 ||    21
       Punch             |       |     1 ||     1
Throw: Boomerang         |       |     3 ||     3
 Stab: Sleeping          |     2 |     2 ||     4
       Distracted        |     1 |       ||     1
Armor: Leather armour    |    17 |    12 ||    29
Dodge: Dodged            |    55 |    38 ||    93
